 Dungeon Crawl Stone Soup version 0.30.1-3-gfc49f6343a (webtiles) character file.

Game seed: 11934108940623750040

2562 Cheops the Grappler (level 9, -1/80 (88) HPs)
             Began as a Troll Fighter on Aug 1, 2023.
             Was a Follower of Wu Jian.
             Slain by a wight
             ... wielding a +3 short sword
              (8 damage)
             ... on level 7 of the Dungeon.
             The game lasted 00:09:35 (5603 turns).

Cheops the Grappler (Troll Fighter)                 Turns: 5603, Time: 00:09:36

HP:   -1/80 (88)    AC:  4    Str: 26    XL:     9   Next: 31%
MP:   8/8           EV: 14    Int:  8    God:    Wu Jian [*.....]
Gold: 302           SH:  8    Dex:  9    Spells: 8/8 levels left

rFire   . .          .
                       - Unarmed
rCold   . . .        b - +0 kite shield
rNeg    . . .        k - +0 robe "Uzuad" {-Cast Will++ SInv}
rPois   +            (helmet restricted)
rElec   .            (no cloak)
rCorr   .            (gloves unavailable)
SInv    +            (boots unavailable)
Will    ++...        x - amulet of magic regeneration
Stlth   +            d - +5 ring of evasion
HPRegen 1.13/turn    t - ring of poison resistance
MPRegen 0.51/turn

%: no spellcasting
@: drained
A: large, unfitting armour, claws 3, regeneration 1, shaggy fur 1, tough skin 1
a: Renounce Religion


You were on level 7 of the Dungeon.
You worshipped Wu Jian.
Wu Jian was aware of your devotion.
You visited 1 branch of the dungeon, and saw 7 of its levels.

You collected 338 gold pieces.
You spent 36 gold pieces at shops.

Inventory:

Missiles
 A - 3 throwing nets (quivered)
Armour
 a - a +0 robe
 b - a +0 kite shield (worn)
 k - the +0 robe "Uzuad" (worn) {-Cast Will++ SInv}
   (You found it on level 2 of the Dungeon)

   SInv:      It lets you see invisible.
   -Cast:     It prevents spellcasting.
   Will:      It greatly increases your willpower.
Jewellery
 d - a +5 ring of evasion (left claw)
 t - a ring of poison resistance (right claw)
 x - an amulet of magic regeneration (around neck)
 z - a ring of wizardry
 E - a ring of protection from cold
Wands
 q - a wand of charming (5)
 w - a wand of flame (14)
 C - a wand of polymorph (5)
Scrolls
 h - 2 scrolls of vulnerability
 j - 4 scrolls of amnesia
 p - a scroll of immolation
 r - a scroll of teleportation
 s - a scroll of enchant weapon
 v - 2 scrolls of enchant armour {unknown}
 y - a scroll of magic mapping
 D - a scroll of fog {unknown}
Potions
 c - a potion of might
 e - a potion of ambrosia {unknown}
 f - 8 potions of curing {unknown}
 g - 2 potions of degeneration {unknown}
 i - 4 potions of lignification
 l - a potion of mutation {unknown}
 m - 3 potions of flight {unknown}
 n - a potion of cancellation {unknown}
 o - a potion of heal wounds {unknown}
 u - a potion of magic {unknown}
 B - a potion of haste {unknown}


   Skills:
 + Level 5.1 Fighting
 - Level 2.4 Dodging
 + Level 5.5 Shields
 * Level 10.4 Unarmed Combat


You had 8 spell levels left.
You didn't know any spells.
Your spell library contained the following spells:

 Spells                   Type           Power      Damage    Failure   Level
 Lesser Beckoning         Tloc           0%         N/A       77%         2
 Gell's Gravitas          Tloc           0%         N/A       94%         3
 Teleport Other           Tloc           0%         N/A       94%         3
 Vhi's Electric Charge    Tloc/Air       0%         N/A       94%         3
 Arcjolt                  Conj/Air       0%         1d10      100%        5
 Summon Forest            Summ/Tloc      0%         N/A       100%        5
 Summon Mana Viper        Hex/Summ       0%         N/A       100%        5
 Plasma Beam              Fire/Air       0%         2x1d11    100%        6
 Summon Cactus Giant      Summ           0%         N/A       100%        6


Dungeon Overview and Level Annotations

Branches:
Dungeon (7/15)             Temple (0/1) D:7

Altars:
Ashenzari
Okawaru
Trog
Uskayaw
Wu Jian
Yredelemnul

Shops:
D:2 *   D:4 *   D:7 [


Innate Abilities, Weirdness & Mutations

You are too large for most types of armour.
You have claws for hands.
Your natural rate of healing is unusually fast.
You are covered in fur. (AC +1)
You have tough skin. (AC +1)


Message History

You swing at nothing.
The wight barely misses you.
You claw the howler monkey zombie!
The howler monkey zombie is moderately damaged.
You block the howler monkey zombie's attack.
The wight closely misses you.
You scratch the howler monkey zombie.
The howler monkey zombie is heavily damaged.
The howler monkey zombie barely misses you.
The wight completely misses you.
You claw the howler monkey zombie!
You destroy the howler monkey zombie!
The Council accepts your kill. The wight completely misses you.
You scratch the wight.
The wight is lightly damaged.
The wight hits you from afar with a +3 halberd!
* * * LOW HITPOINT WARNING * * *
You feel drained.
* * * LOW HITPOINT WARNING * * *
The wight hits you with a +0 great sword!!
* * * LOW HITPOINT WARNING * * *
You feel drained.
* * * LOW HITPOINT WARNING * * *
You mangle the wight!!
You destroy the wight!
The Council accepts your kill.
The wight hits you from afar with a +3 halberd.
* * * LOW HITPOINT WARNING * * *
You feel drained.
* * * LOW HITPOINT WARNING * * *
The wight hits you with a +3 halberd!
* * * LOW HITPOINT WARNING * * *
Items here: ( ))) [[ †.
You claw the wight!
The wight is almost destroyed.
You block the wight's attack.
You barely miss the wight.
The wight is almost destroyed.
The wight hits you with a +3 short sword!
You die...

##.#.......8.8.8.## .... ......
#..##.......⌠.⌠...## ....##.....
....#.....#8.∩.8...#####..##.....
.).)........⌠.⌠..#....#......[...
.).........8.8.8...............#.
.#......#.......#........#..Z###.
.#..##....#.....##......#......#.
....####......#.##(....###.......
....# #......##@z.....##........
.#.######.....#..z...)...........
####...............#....##.......
#...........##..#..†#.....<..#
#..#........#...##............
#...###.....###.###....###....#
... ..............##....# .....#
### .........##.....#.##.##......
##...8...#......#.. ..#......


You could see 2 wights.

Vanquished Creatures
  A water moccasin (D:7)
  Edmund (D:6)
  A sky beast (D:6)
  2 orc warriors (D:6)
  A hornet zombie (D:7)
  A centaur (D:6)
  4 ogres
  3 phantoms
  A kobold brigand (D:7)
  A wyvern zombie (D:7)
  A scorpion (D:6)
  5 wights (D:7)
  3 centaur zombies (D:7)
  3 hounds
  2 orc priests (D:6)
  2 gnoll boudas (D:6)
  2 jellies
  3 iguanas
  2 sleepcaps
  2 orc wizards
  2 killer bee zombies (D:7)
  2 howler monkey zombies (D:7)
  Robin (D:4)
  8 gnolls (D:6)
  5 adders
  3 shadow imps
  A white imp (D:5)
  2 ufetubi
  3 worms
  A dart slug (D:3)
  17 orcs
  3 bats
  3 endoplasms
  2 giant cockroaches
  10 goblins
  6 hobgoblins
  12 jackals
  8 kobolds
  5 quokkas
  5 ball pythons
  2 frilled lizards
  6 rats
148 creatures vanquished.

Notes
Turn   | Place    | Note
-------+----------+-------------------------------------------
     0 | D:1      | Cheops the Troll Fighter began the quest for the Orb.
     0 | D:1      | Reached XP level 1. HP: 22/22 MP: 0/0
   786 | D:2      | Found a bloodstained altar of Trog.
   871 | D:2      | Reached XP level 2. HP: 29/29 MP: 1/1
   915 | D:2      | Found a faded altar of an unknown god.
   922 | D:2      | Reached skill level 3 in Unarmed Combat
  1200 | D:2      | Found Jiynn's Assorted Antiques.
  1339 | D:2      | Reached XP level 3. HP: 36/36 MP: 2/2
  1408 | D:2      | Identified the +0 robe "Uzuad" {-Cast Will++ SInv}
  2012 | D:3      | Reached skill level 4 in Unarmed Combat
  2126 | D:3      | Reached XP level 4. HP: 44/44 MP: 3/3
  2431 | D:4      | Noticed Robin
  2442 | D:4      | Killed Robin
  2562 | D:4      | Reached skill level 5 in Unarmed Combat
  2562 | D:4      | Reached XP level 5. HP: 33/50 MP: 4/4
  2623 | D:4      | Noticed an ogre
  2630 | D:4      | Killed an ogre
  2631 | D:4      | Reached skill level 6 in Unarmed Combat
  2750 | D:4      | Found Kinloeh's General Store.
  2755 | D:4      | Bought a potion of lignification for 36 gold pieces
  2868 | D:4      | Noticed a phantom
  2875 | D:4      | Killed a phantom
  2876 | D:4      | Reached XP level 6. HP: 59/59 MP: 5/5
  3026 | D:4      | Reached skill level 7 in Unarmed Combat
  3382 | D:5      | Entered Level 5 of the Dungeon
  3393 | D:5      | Reached XP level 7. HP: 51/66 MP: 6/6
  3760 | D:5      | Reached skill level 8 in Unarmed Combat
  3796 | D:5      | Found an iron altar of Okawaru.
  3801 | D:5      | Found a hide-covered altar of Uskayaw.
  3806 | D:5      | Found a basalt altar of Yredelemnul.
  3806 | D:5      | Found an ornate altar of the Wu Jian Council.
  3814 | D:5      | Found a broken altar of Ashenzari.
  4168 | D:5      | Became a worshipper of the Wu Jian Council
  4414 | D:6      | Reached XP level 8. HP: 78/78 MP: 7/7
  4679 | D:6      | Reached * piety under Wu Jian
  4694 | D:6      | Reached skill level 9 in Unarmed Combat
  4844 | D:6      | Noticed Edmund
  4861 | D:6      | Killed Edmund
  5187 | D:7      | Found a staircase to the Ecumenical Temple.
  5240 | D:7      | Found Ycwiukhlesh's Antique Armour Boutique.
  5256 | D:7      | Reached skill level 5 in Shields
  5268 | D:7      | Reached XP level 9. HP: 79/85 MP: 8/8
  5424 | D:7      | Reached skill level 10 in Unarmed Combat
  5499 | D:7      | Reached skill level 5 in Fighting
  5603 | D:7      | Slain by a wight

Illustrated notes

Levels and vault maps discovered:
D:1:      mushboom_english_gardens, layout_loops_ring, minmay_misc_feat_tower
D:2:      layout_loops_ring, hellmonk_ecumenical_altar_blasted, serial_shops,
          shop_fountains, serial_forest, infiniplex_forest_lined_3_way,
          infiniplex_forest_lined_ring, infiniplex_forest_diagonal,
          infiniplex_forest_fountain, infiniplex_forest_lined_room_3,
          infiniplex_forest_lined_2, infiniplex_forest_clump_double,
          basic_altar, kennysheep_donut, eino_tiny_chamber
D:3:      layout_basic
D:4:      layout_basic, serial_shops, nicolae_shop_tiny_statue_garden,
          uniq_robin
D:5:      layout_basic, nicolae_overflow_hallway_of_the_gods
D:6:      layout_basic, minmay_misc_feat_diagonals, uniq_edmund
D:7:      layout_cave_pools, minmay_temple_entry_tees, serial_shops,
          nicolae_shop_temple_entry_statues_fountains, serial_undead,
          serial_undead_a, serial_undead_a, serial_undead_b, serial_undead_f,
          serial_undead_d, serial_undead_c, serial_undead_f, serial_undead_d,
          serial_bayou_pond_a, minmay_splitting_lines, glass_columns_b

Skill      XL: |  1  2  3  4  5  6  7  8  9 |
---------------+----------------------------+-----
Unarmed Combat | 3 4 5 6 7 8 9 10 | 10.4
Shields        | 3 4 5 |  5.5
Fighting       | 3 4 5 |  5.1
Dodging        | |  2.4

Action                     |  1- 3 |  4- 6 |  7- 9 || total
---------------------------+-------+-------+-------++-------
  Melee: Unarmed           |   145 |   107 |   233 ||   485
Ability: Lunge             |       |       |    10 ||    10
         Whirlwind         |       |       |     2 ||     2
    Use: Scroll            |     6 |       |     2 ||     8
   Stab: Sleeping          |       |       |     1 ||     1
 Armour: Robe              |    48 |    17 |    30 ||    95
  Dodge: Dodged            |    82 |    48 |   133 ||   263
  Block: Kite shield       |    58 |    28 |    86 ||   172
